AoeStats
← Icelight

Lombardia

507883757Analyzed
4v4 RM · 13d ago on Sep 20, 2026· 74m 15s· 8 players
Game mode
Random Map
Map size
Large (8 player)
Population
200
Speed
Normal
Resources
Standard
Victory
Conquest
Starting age
Dark Age
Ending age
Imperial Age
RankedLock teamsTeams togetherTeam positionsShared explorationLock speedFull tech treeHidden civsTurbo modeCheats
Victory
Defeat
🇺🇸 Saracens · United States
1187
+14
🇺🇸 Tatars · United States
1165
+15
🇺🇸 Khmer · United States
1162
+15
🇺🇸 Slavs · United States
966
+23
🇨🇦 Hindustanis · Canada
1145
-17
🇨🇦 Ethiopians · Canada
1140
-17
🇨🇦 Byzantines · Canada
1139
-17
🇺🇸 Burgundians · United States
1111
-16
Spartacus
8:07 Loom
12:27 Feudal Age
13:34 Double-Bit Axe
16:21 Castle Age
14:08 Horse Collar
23:02 Bow Saw
23:33 Scale Mail Armor
23:50 Forging
24:32 Fletching
25:44 Bodkin Arrow
27:44 Wheelbarrow
26:55 Town Watch
29:57 Hand Cart
32:42 Scale Barding Armor
33:11 Heavy Plow
34:40 Gold Mining
34:41 Stone Mining
36:31 Chain Barding Armor
36:46 Iron Casting
40:30 Imperial Age
39:10 Gold Shaft Mining
40:19 Husbandry
40:29 Bloodlines
41:18 Ballistics
41:09 Masonry
40:29 Light Cavalry
40:33 Elite Skirmisher
41:37 Conscription
41:02 Elite Mameluke
42:23 Plate Barding Armor
43:17 Chemistry
43:28 Hoardings
44:13 Blast Furnace
48:58 Bracer
49:50 Murder Holes
50:00 Siege Engineers
51:41 Caravan
52:11 Coinage
55:49 Banking
61:31 Two-Man Saw
schupacalypse
6:49 Loom
9:39 Feudal Age
10:25 Double-Bit Axe
12:56 Forging
19:33 Castle Age
18:20 Scale Barding Armor
18:55 Bloodlines
19:34 Light Cavalry
23:39 Wheelbarrow
24:42 Chain Barding Armor
26:21 Husbandry
29:21 Hand Cart
30:42 Horse Collar
33:28 Heavy Plow
34:48 Bow Saw
35:23 Iron Casting
35:25 Gold Mining
38:29 Imperial Age
36:19 Town Watch
39:48 Plate Barding Armor
38:35 Cavalier
40:41 Blast Furnace
39:30 Elite Battle Elephant
41:02 Gold Shaft Mining
41:56 Tusk Swords
43:32 Conscription
46:43 Hussar
48:47 Caravan
52:45 Stone Mining
55:08 Heavy Scorpion
57:48 Town Patrol
61:18 Double Crossbow
67:35 Ballistics
67:24 Siege Engineers
71:10 Chemistry
Gabellius
5:18 Loom
9:06 Feudal Age
9:45 Double-Bit Axe
11:01 Horse Collar
18:43 Wheelbarrow
20:44 Castle Age
19:00 Fletching
19:48 Town Watch
20:38 Wheelbarrow
21:05 Gold Mining
21:16 Padded Archer Armor
21:28 Husbandry
21:39 Bloodlines
22:44 Wheelbarrow
22:52 Town Watch
25:23 Bodkin Arrow
25:41 Scale Barding Armor
26:07 Leather Archer Armor
27:26 Ballistics
30:32 Bow Saw
30:59 Gold Shaft Mining
31:00 Scale Barding Armor
32:34 Light Cavalry
36:54 Imperial Age
35:28 Hand Cart
35:41 Masonry
36:19 Chain Barding Armor
36:09 Forging
37:38 Heavy Cavalry Archer
38:59 Plate Barding Armor
38:26 Bracer
39:47 Conscription
40:40 Guilds
39:55 Hussar
42:52 Chemistry
42:18 Stone Mining
43:14 Plate Barding Armor
43:09 Ring Archer Armor
43:14 Iron Casting
42:44 Silk Armor
45:09 Heavy Plow
46:19 Caravan
47:21 Blast Furnace
47:20 Siege Engineers
47:11 Murder Holes
48:05 Town Patrol
47:48 Treadmill Crane
51:08 Timurid Siegecraft
51:48 Fortified Wall
55:11 Pikeman
55:52 Squires
55:50 Halberdier
56:31 Scale Mail Armor
57:22 Arson
57:14 Capped Ram
63:12 Elite Keshik
73:26 Siege Ram
Dimma Ulfur
1:01 Loom
11:30 Feudal Age
12:05 Double-Bit Axe
18:55 Castle Age
18:53 Bloodlines
22:43 Pikeman
24:34 Scale Barding Armor
29:49 Wheelbarrow
31:27 Scale Mail Armor
32:01 Forging
33:35 Iron Casting
33:31 Fletching
34:55 Horse Collar
35:30 Bow Saw
36:44 Gold Mining
37:51 Chain Mail Armor
39:22 Hand Cart
43:32 Imperial Age
42:41 Murder Holes
44:23 Halberdier
45:06 Squires
46:09 Blast Furnace
45:40 Plate Mail Armor
46:50 Caravan
47:32 Conscription
50:21 Town Watch
50:38 Heavy Plow
51:44 Two-Man Saw
50:42 Bodkin Arrow
50:17 Capped Ram
54:23 Druzhina
55:57 Siege Ram
68:40 Elite Boyar
69:52 Chain Barding Armor
TinkyBoi
7:29 Loom
11:26 Feudal Age
18:12 Castle Age
18:04 Double-Bit Axe
18:02 Horse Collar
19:07 Gold Mining
19:08 Stone Mining
20:35 Gold Shaft Mining
22:19 Bow Saw
26:03 Heavy Plow
29:48 Imperial Age
28:55 Fletching
28:55 Pikeman
30:25 Squires
29:49 Elite Skirmisher
30:08 Halberdier
31:37 Scale Mail Armor
33:27 Conscription
34:24 Wheelbarrow
35:48 Two-Man Saw
35:54 Forging
35:59 Chain Mail Armor
36:04 Padded Archer Armor
36:00 Bodkin Arrow
36:58 Caravan
38:15 Ballistics
38:12 Fortified Wall
39:37 Leather Archer Armor
39:23 Bracer
41:03 Hoardings
42:34 Ring Archer Armor
42:40 Iron Casting
42:21 Chain Mail Armor
44:03 Crop Rotation
47:08 Plate Mail Armor
46:56 Thumb Ring
47:31 Murder Holes
48:38 Chemistry
50:12 Coinage
57:53 Elite Cataphract
59:25 Scale Barding Armor
61:02 Logistica
62:09 Chain Barding Armor
67:28 Plate Barding Armor
69:20 Crossbowman
70:36 Arbalester
Icelight
7:43 Loom
7:53 Loom
10:35 Feudal Age
10:28 Double-Bit Axe
12:59 Horse Collar
18:09 Castle Age
17:03 Forging
16:59 Scale Barding Armor
17:09 Bow Saw
17:05 Gold Mining
18:22 Cavalier
19:03 Husbandry
24:47 Iron Casting
26:14 Stone Mining
27:59 Wheelbarrow
30:11 Chain Barding Armor
34:02 Hand Cart
37:24 Imperial Age
35:16 Murder Holes
35:19 Fletching
37:31 Paladin
38:49 Plate Barding Armor
39:52 Chemistry
39:42 Conscription
40:13 Town Watch
43:25 Burgundian Vineyards
50:28 Caravan
50:20 Light Cavalry
50:35 Pikeman
55:25 Two-Man Saw
54:46 Halberdier
55:27 Squires
55:31 Scale Mail Armor
59:18 Chain Mail Armor
63:05 Blast Furnace
jrewdavis
10:10 Feudal Age
8:25 Loom
14:10 Double-Bit Axe
17:40 Horse Collar
21:47 Castle Age
20:32 Scale Barding Armor
20:37 Forging
24:16 Bloodlines
24:06 Husbandry
26:03 Gold Mining
26:04 Stone Mining
27:34 Bow Saw
31:39 Stone Mining
33:21 Stone Shaft Mining
33:22 Gold Shaft Mining
37:22 Imperial Age
35:30 Wheelbarrow
34:40 Town Watch
35:09 Caravan
36:53 Fletching
37:43 Heavy Camel Rider
38:45 Chain Barding Armor
39:01 Iron Casting
39:24 Conscription
39:06 Grand Trunk Road
39:42 Heavy Plow
40:47 Two-Man Saw
41:01 Hand Cart
40:46 Town Patrol
40:35 Imperial Camel Rider
42:11 Plate Barding Armor
41:34 Bodkin Arrow
45:39 Masonry
45:40 Fortified Wall
45:51 Ballistics
46:31 Chemistry
45:27 Murder Holes
46:48 Blast Furnace
50:32 Hoardings
50:04 Shatagni
50:54 Bracer
50:56 Padded Archer Armor
58:30 Leather Archer Armor
58:22 Siege Engineers
62:54 Light Cavalry
63:35 Hussar
scrappy_18
10:21 Feudal Age
10:55 Loom
12:57 Horse Collar
15:14 Padded Archer Armor
21:24 Castle Age
20:15 Double-Bit Axe
20:23 Fletching
21:15 Gold Mining
21:25 Crossbowman
24:32 Ballistics
24:11 Bodkin Arrow
24:32 Leather Archer Armor
34:00 Thumb Ring
34:44 Bow Saw
35:02 Heavy Plow
39:53 Imperial Age
39:47 Wheelbarrow
39:56 Arbalester
41:45 Chemistry
41:35 Bracer
42:14 Ring Archer Armor
45:46 Conscription
50:57 Halberdier
51:51 Forging
51:42 Scale Mail Armor
54:57 Chain Mail Armor
55:18 Iron Casting
54:58 Caravan
56:17 Plate Mail Armor
Connection lost

Rejoining the realm…

Still unreachable

The connection could not be restored.

Session expired

The server has moved on; the page needs a fresh start.